 Dungeon Crawl Stone Soup version 0.15.0-31-geb66e34 (console) character file.

459 gw the Cudgeler (level 6, -1/57 HPs)
             Began as a Deep Dwarf Gladiator on Sept 14, 2014.
             Slain by an ogre
             ... wielding a +0 giant club
              (14 damage)
             ... on Level 4 of the Dungeon.
             The game lasted 00:02:38 (2950 turns).

gw the Cudgeler (Deep Dwarf Gladiator)              Turns: 2950, Time: 00:02:39

HP  -1/57        AC  9     Str 19      XL: 6   Next: 78%
MP   5/5         EV  7     Int  8      God:
Gold 0           SH  0     Dex 15      Spells:  0 memorised,  5 levels left

rFire  . . .     SeeInvis .     a - +2 flail (crush)
rCold  . . .     Clarity  .     i - storm dragon hide
rNeg   . . .     rCorr    .     (no shield)
rPois  .         rRot     .     h - +1 helmet
rElec  +         Spirit   .     b - +0 cloak
SustAb .         Warding  .     p - +0 pair of gloves
rMut   .         Stasis   .     (no boots)
Gourm  .                        (no amulet)
MR     .....                    (no ring)
                                (no ring)

@: non-regenerating, not resistant to hostile enchantments, extremely unstealthy
A: damage resistance, recharge devices, sense surroundings 1, slow healing 3
a: Device Recharging


You were on level 4 of the Dungeon.
You were not hungry.

You visited 1 branch of the dungeon, and saw 4 of its levels.

Inventory:

Hand weapons
 a - a +2 flail of crushing (weapon)
Missiles
 d - 4 throwing nets
 k - 24 bolts
Armour
 b - a +0 cloak (worn)
 h - a +1 helmet (worn)
 i - a storm dragon hide (worn)
 p - a +0 pair of gloves (worn)
Magical devices
 e - a wand of heal wounds (4)
Comestibles
 f - 3 bread rations
 g - a royal jelly
 o - 2 beef jerkies
 u - a chunk of gnoll flesh
Scrolls
 c - a scroll of identify
 j - 2 scrolls of fog
 l - a scroll of immolation
 q - a scroll of enchant armour {unknown}
 t - a scroll of random uselessness {unknown}
Potions
 m - a potion of might {unknown}
 n - a potion of agility {unknown}
 r - a potion of brilliance {unknown}
 s - a potion of resistance {unknown}


   Skills:
 + Level 3.7 Fighting
 * Level 5.8 Maces & Flails
 - Level 1.7 Throwing
 + Level 3.4 Armour
 - Level 3.2 Dodging


You had 5 spell levels left.
You didn't know any spells.

Dungeon Overview and Level Annotations

Branches:
Dungeon (4/15)
 Temple: D:4-7

Altars:
Vehumet


Innate Abilities, Weirdness & Mutations

You are resistant to damage.
You can recharge devices by infusing magical energy.
You passively map a small area around you.
You do not heal naturally.


Message History

Zapping:
e - a wand of heal wounds (1)
Press: ? - help, Shift-Dir - straight line, f - you You feel much better.
This wand has 0 charges left.
The ogre barely misses you.
ATTACKING (1,1)
You completely miss the ogre.
The ogre is severely wounded.
The ogre hits you with a giant club.
ATTACKING (1,1)
You hit the ogre.
The ogre is almost dead.
The ogre hits you with a giant club!
Use which ability? (? or * to list)
You fail to use your ability.
Use which ability? (? or * to list) Charge which item? (? for menu, Esc to quit)
Choose an item to recharge, or Esc to abort.
Charge which item? (? for menu, Esc to quit)
Your wand of heal wounds (0) glows for a moment and now has 4 charges.
The ogre hits you with a giant club!
You die...

##....# #...# , ##...##
#..# ##...# #..# ##..##
##..# #...## #...#
##...###...# # #....##...#
,. ## ##....#...## **Z..
.### #........g##......
...## #.........O.=.....
....###.........$........*
#...........######.....#
##.........## .....#
#.........## *#...## ,
.........# ..## ...####..#
#.. .### .. *.


You could see an ogre.

Table legend:
 A = Turns spent in this place as a percentage of turns spent in the entire game.
 B = Non-inter-level travel turns spent in this place as a percentage of non-inter-level travel turns spent in the entire game.
 C = Inter-level travel turns spent in this place as a percentage of turns spent in this place.
 D = Turns resting spent in this place as a percentage of non-inter-level travel turns spent in this place.
 E = Turns spent auto-exploring this place as a percentage of non-inter-level travel turns spent in this place.
 F = Non-inter-level travel turns spent in this place divided by the number of levels of this place that you've seen.
                   A       B       C       D       E      F
               +-------+-------+-------+-------+-------+----------------------
         Total | 100.0 | 100.0 |   1.6 |   0.0 |  10.2 | 367.0
       Dungeon | 100.0 | 100.0 |   1.6 |   0.0 |  10.2 | 367.0
               +-------+-------+-------+-------+-------+----------------------

Table legend:
 A = Kills in this place as a percentage of kills in entire the game.
 B = Kills by you in this place as a percentage of kills by you in the entire game.
 C = Kills by friends in this place as a percentage of kills by friends in the entire game.
 D = Other kills in this place as a percentage of other kills in the entire game.
 E = Experience gained in this place as a percentage of experience gained in the entire game.
 F = Experience gained in this place divided by the number of levels of this place that you have seen.
                   A       B       C       D       E      F
               +-------+-------+-------+-------+-------+----------------------
         Total | 100.0 | 100.0 |  -nan |  -nan | 100.0 | 164.0
       Dungeon | 100.0 | 100.0 |  -nan |  -nan | 100.0 | 164.0
               +-------+-------+-------+-------+-------+----------------------

Vanquished Creatures
  The ghost of tkappleton the Magician, an average HaWz (D:3)
  A hound (D:4)
  An orc priest (D:3)
  2 orc wizards
  A worker ant (D:4)
  4 gnolls (D:4)
  5 adders
  A giant mite (D:3)
  2 worms
  4 giant geckos
  An ooze (D:2)
  14 orcs
  10 goblins
  12 hobgoblins
  8 kobolds
  A quokka (D:3)
  A ball python (D:2)
  5 bats
  2 giant cockroaches
  6 giant newts
  8 rats
90 creatures vanquished.

Notes
Turn   | Place    | Note
--------------------------------------------------------------
     0 | D:1      | gw, the Deep Dwarf Gladiator, began the quest for the Orb.
     0 | D:1      | Reached XP level 1. HP: 19/19 MP: 1/1
   211 | D:1      | Reached XP level 2. HP: 21/26 MP: 2/2
   418 | D:1      | Reached skill level 1 in Armour
   771 | D:2      | Reached XP level 3. HP: 29/32 MP: 3/3
   872 | D:2      | Reached skill level 4 in Maces & Flails
  1181 | D:2      | Reached XP level 4. HP: 25/40 MP: 4/4
  1784 | D:3      | Noticed tkappleton's ghost (average HaWz)
  1788 | D:3      | Found a radiant altar of Vehumet.
  2097 | D:3      | Reached XP level 5. HP: 27/48 MP: 5/5
  2255 | D:3      | Killed tkappleton's ghost
  2255 | D:3      | Reached skill level 5 in Maces & Flails
  2255 | D:3      | Reached XP level 6. HP: 27/56 MP: 6/6
  2950 | D:4      | Slain by an ogre

Action                   |  1- 3 |  4- 6 || total
-------------------------+-------+-------++-------
Melee: Flail             |   132 |   221 ||   353
 Abil: Device Recharging |       |     1 ||     1
Evoke: Wand              |       |     5 ||     5
  Use: Scroll            |     2 |     8 ||    10
       Potion            |     1 |     2 ||     3
  Eat: Chunk             |     2 |     7 ||     9

Vault maps used:
D:1:      minmay_arrival_four_houses
D:2:      first_bread
D:3:      vehumet_altar_wand_db
D:4:      nicolae_dithmenos_through_a_glass_darkly, old_standard_altar
